 Dungeon Crawl Stone Soup version 0.31.0-11-ge490571c62 (webtiles) character file.

Game seed: 5503854401321189967

523 qw the Skirmisher (level 7, -2/40 HPs)
             Began as a Deep Elf Hunter on Feb 4, 2024.
             Slain by an endoplasm (3 damage)
             ... in a sewer.
             The game lasted 00:01:01 (2426 turns).

qw the Skirmisher (Deep Elf Hunter)                 Turns: 2426, Time: 00:01:03

Health: -2/40      AC:  8    Str: 10    XL:     7   Next: 2%
Magic:  9/9        EV: 11    Int: 14    God:
Gold:   230        SH:  0    Dex: 18    Spells: 6/6 levels left

rFire   . . .        a - +1 shortbow
rCold   . . .        (shield currently unavailable)
rNeg    . . .        e - +0 ring mail
rPois   .            l - +2 helmet
rElec   .            (no cloak)
rCorr   .            (no gloves)
SInv    +            (no boots)
Will    +....        (no amulet)
Stlth   +            g - ring of see invisible
HPRegen 0.26/turn    (no ring)
MPRegen 0.11/turn

%: no passive effects
@: very slow
A: strong-willed 1
a: no special abilities


You were in a sewer.
You visited 1 branch of the dungeon, and saw 3 of its levels.
You also visited: Sewer.

You collected 230 gold pieces.


Innate Abilities, Weirdness & Mutations

You are strong-willed. (Will+)


   Skills:
 - Level 2.0 Fighting
 + Level 10.5 Ranged Weapons
 - Level 1.0 Armour
 - Level 3.0 Dodging
 - Level 1.2 Stealth


You had 6 spell levels left.
You didn't know any spells.
Your spell library was empty.

Inventory:

Hand Weapons
 a - a +1 shortbow (weapon)
Armour
 e - a +0 ring mail (worn)
 l - a +2 helmet (worn)
Jewellery
 g - a ring of see invisible (left hand)
Potions
 b - a potion of mutation
 c - a potion of attraction {unknown}
 d - a potion of heal wounds {unknown}
 f - a potion of brilliance {unknown}
 h - a potion of enlightenment {unknown}
 i - a potion of might {unknown}
 j - a potion of curing
 k - a potion of berserk rage {unknown}

Dungeon Overview and Level Annotations

Branches:
Dungeon (3/15)              Sewer (1/1)

Altars:
Vehumet


Message History

You kill the bullfrog!
The bullfrog hits you. The bullfrog misses you.
You have reached level 7!
You shoot an arrow. The arrow barely misses the bullfrog.
The bullfrog hits you.
The endoplasm hits you but does no damage.
You shoot an arrow. The arrow hits the bullfrog.
The bullfrog is lightly wounded.
The bullfrog misses you. The endoplasm freezes you.
You are frozen.
The bullfrog hits you!
You shoot an arrow.
The arrow hits the bullfrog but does no damage.
The bullfrog is lightly wounded.
The bullfrog completely misses you. The endoplasm barely misses you.
The dart slug closely misses you.
You shoot an arrow.
The arrow hits the bullfrog but does no damage.
The bullfrog is lightly wounded.
The bullfrog hits you. The endoplasm hits you. The bullfrog closely misses you.
You shoot an arrow. The arrow barely misses the bullfrog.
The bullfrog completely misses you.
The dart slug splashes around in the water.
The endoplasm barely misses you.
You shoot an arrow. The arrow barely misses the bullfrog.
The bullfrog barely misses you. The endoplasm freezes you.
You are frozen.
The dart slug bites you but does no damage.
The bullfrog barely misses you.
You shoot an arrow. The arrow hits the bullfrog.
The bullfrog is heavily wounded.
The bullfrog closely misses you. The endoplasm freezes you.
You are frozen.
The dart slug launches a dart at you. The slug dart misses you.
You shoot an arrow. The arrow closely misses the bullfrog.
The bullfrog closely misses you. The endoplasm hits you.
You die...

#~~##~~# #~~###.#~.#
#~~#~~##~~~~~~~##.%~#~#..#
#.~#~~# ~~~~.~. #~~\#~#~~#
#~~#~.# ~~.~.~~ #~~~#~#~.#
#~~#%~# ~.?.~~~ #~~##~#~~#
#~~#.~# ~.$?.~~ #.~#~~#~~#
#~~#~~# ..!($~w #.~#~~#~.#
#.~#~%##~~.[~.F##..#~~~.~#
#~.##.~#~~~.~lJ@~~.#.~~~~#
#..~#~~##~.~~~w~~###.~~..#
##~.#~~~##~.~~~###~#######
#~.##~~.#######~~~~.#
#~%~#~~~.~~~~%%~~~..#
##~~##~.~~.~~.~##.~##
#~.~##~~~~.~~##~.##
#.~.%###~.%###%%~#
##~~.~~#####~..~~#


You could see a bullfrog, 2 dart slugs, an endoplasm and a frilled lizard.

Vanquished Creatures
  Sigmund (D:2)
  A bullfrog (Sewer)
  A hound (D:2)
  Jessica (D:2)
  Terence (D:3)
  Robin (D:3)
  7 adders
  12 dart slugs
  A ribbon worm (D:2)
  An orc (D:2)
  7 bats
  14 endoplasms
  11 giant cockroaches
  17 goblins
  7 hobgoblins
  8 quokkas
  15 ball pythons
  12 frilled lizards
  3 kobolds
  5 rats
126 creatures vanquished.

Notes
Turn   | Place    | Note
-------+----------+-------------------------------------------
     0 | D:1      | qw the Deep Elf Hunter began the quest for the Orb.
     0 | D:1      | Reached XP level 1. HP: 12/12 MP: 3/3
     0 | D:1      | 0 ||| qw: Version: 0.3-a-160-g6735b56
     0 | D:1      | 0 ||| qw: Game counter: 6111
     0 | D:1      | 0 ||| qw: Melee chars always use a shield: true
     0 | D:1      | 0 ||| qw: God list: Okawaru
     0 | D:1      | 0 ||| qw: Allow faded altars: false
     0 | D:1      | 0 ||| qw: Do Orc after clearing Dungeon:15 true
     0 | D:1      | 0 ||| qw: Do second Lair branch before Depths: true
     0 | D:1      | 0 ||| qw: Lair rune preference: random
     0 | D:1      | 0 ||| qw: Goals: Normal
     0 | D:1      | 0 ||| PLANNING D:1-11
   238 | D:1      | Reached XP level 2. HP: 16/16 MP: 4/4
   239 | D:1      | Reached skill level 6 in Ranged Weapons
   748 | D:1      | 748 ||| UPGRADING to +0 scale mail.
   758 | D:1      | 758 ||| DROPPING +0 leather armour.
   759 | D:1      | 759 ||| UPGRADING to +0 ring mail.
   769 | D:1      | 769 ||| DROPPING +0 scale mail.
   770 | D:1      | 770 ||| UPGRADING to ring of see invisible.
   771 | D:1      | 771 ||| READING scroll labelled QEWERO RAORUIPN.
   771 | D:1      | 771 ||| ENCHANTING +0 shortbow.
   772 | D:1      | 772 ||| READING scroll labelled QUOLUR LIRCH.
   773 | D:1      | 773 ||| READING scroll labelled RIT AFUAKKIY.
   778 | D:1      | 778 ||| DROPPING scroll of butterflies.
   891 | D:2      | Reached XP level 3. HP: 18/20 MP: 5/5
   895 | D:2      | 895 ||| FLEEEEING.
   896 | D:2      | 896 ||| FLEEEEING.
   897 | D:2      | 897 ||| FLEEEEING.
   898 | D:2      | 898 ||| FLEEEEING.
   899 | D:2      | 899 ||| FLEEEEING.
   956 | D:2      | Noticed Jessica
   962 | D:2      | Reached skill level 7 in Ranged Weapons
   962 | D:2      | Reached XP level 4. HP: 19/25 MP: 6/6
   964 | D:2      | Killed Jessica
  1107 | D:2      | Reached skill level 8 in Ranged Weapons
  1198 | D:2      | Noticed Sigmund
  1206 | D:2      | Killed Sigmund
  1207 | D:2      | Reached skill level 9 in Ranged Weapons
  1207 | D:2      | Reached XP level 5. HP: 29/29 MP: 7/7
  1281 | D:2      | Reached XP level 6. HP: 34/34 MP: 8/8
  1446 | D:2      | 1446 ||| READING 2 scrolls labelled FAV JILEPRARU.
  1447 | D:2      | 1447 ||| DRINKING 2 orange potions.
  1447 | D:2      | Gained mutation: You are strong-willed. (Will+) [potion of
                  | mutation]
  1448 | D:2      | 1448 ||| DRINKING 2 coppery potions.
  1449 | D:2      | 1449 ||| DROPPING scroll of immolation.
  1466 | D:3      | 1466 ||| PLANNING SEWER
  1466 | D:3      | Found a radiant altar of Vehumet.
  1539 | D:3      | Noticed Robin
  1561 | D:3      | HP: 8/35 [Robin/+0 spear (3)]
  1565 | D:3      | Killed Robin
  1705 | D:3      | Noticed Terence
  1710 | D:3      | Killed Terence
  1896 | D:3      | Reached skill level 10 in Ranged Weapons
  2122 | D:3      | Found a glowing drain.
  2123 | D:3      | 2123 ||| UPGRADING to +2 helmet.
  2144 | Sewer    | Entered a sewer
  2204 | Sewer    | Reached skill level 3 in Dodging
  2320 | Sewer    | Reached skill level 1 in Armour
  2419 | Sewer    | Reached XP level 7. HP: 21/40 MP: 9/9
  2420 | Sewer    | HP: 7/40 [bullfrog (7)]
  2425 | Sewer    | HP: 1/40 [frozen (4)]
  2426 | Sewer    | Slain by an endoplasm

Levels and vault maps discovered:
D:1:      amcnicky_arrival_gap_in_the_tavern_cellar, layout_basic
D:2:      layout_loops_cross, uniq_jessica, uniq_sigmund
D:3:      layout_loops_corners, mainiacjoe_overflow_small_starburst,
          gup_sewer_entry_pipe, uniq_robin, uniq_terence
Sewer:    sewer_frog_island_02

Skill      XL: |  1  2  3  4  5  6 |
---------------+-------------------+-----
Ranged Weapons | 6 7 9 10 | 10.5
Fighting       | 2 |  2.0
Dodging        | 3 |  3.0
Armour         | 1 |  1.0
Stealth        | |  1.2

Action                     |  1- 3 |  4- 6 |  7- 9 || total
---------------------------+-------+-------+-------++-------
   Fire: Shortbow          |    67 |   233 |     8 ||   308
    Use: Scroll            |     3 |     1 |       ||     4
         Potion            |       |     2 |       ||     2
 Armour: Ring mail         |    15 |    66 |     7 ||    88
         Leather armour    |     1 |       |       ||     1
  Dodge: Dodged            |    19 |    68 |    12 ||    99

Table legend:
 A = Non-vault XP
 B = Vault XP
 C = Vault XP percentage of total XP
 D = Non-vault monster count
 E = Vault monster count
 F = Vault count percentage of total count
                 A         B        C        D         E       F
            +---------+---------+-------+---------+---------+-------
      Total |     193 |     555 |  74.2 |      56 |      70 |  55.6
            +---------+---------+-------+---------+---------+-------
        D:1 |      29 |       0 |   0.0 |      20 |       0 |   0.0
        D:2 |     122 |     251 |  67.3 |      25 |       2 |   7.4
        D:3 |      42 |      92 |  68.7 |      11 |      22 |  66.7
      Sewer |       0 |     212 | 100.0 |       0 |      46 | 100.0
            +---------+---------+-------+---------+---------+-------
